cohdb
Replays
Latest Replays
All Replays
Popular Replays
Top Player Replays
Match Explorer
How It Works
Community
CoH3 Stats
Reddit
Sign in to upload your games and track your stats! →
Sign in with Steam
Match 41363008
Unlisted
Match 41363008
Overview
Messages
Build Orders
End
Panzergrenadier Squad
Selects Armored Support Battlegroup
250 Light Carrier
250 Light Carrier
Construct Light Support Kompanie
Combat Half-tracks
Assault Grenadier Squad
Selects Superior Fire Drills
Construct Mechanized Kompanie
Assault Mechanized Group
Support Armor Elements
Emergency Repair Kits
Selects Salvage Kits
Rapid Advance
Veteran Squad Leaders
Construct Panzerarmee Kommand
Walking Stuka Rocket Launcher
Vehicle Survival Package
Advanced Optics
Selects Panzer Storm
Tungsten Core Ammunition
Advanced Field Repairs
Assault Mechanized Group
Walking Stuka Rocket Launcher
Walking Stuka Rocket Launcher
Armored Reserves
Walking Stuka Rocket Launcher
Selects Stuka Anti-tank Loiter
Stuka Anti-tank Loiter
Marder III Tank Destroyer
Stuka Anti-tank Loiter
cobra delta
梓川枫
何地啊
Cmdte. Canela
Rosiema
Umad
KanekCASE.GIFT
Kabbitkavro
0
0
Comments
sign in to comment!
No comments posted yet!